 Dungeon Crawl Stone Soup version 0.25-a0-35-g747a2b3c0c (webtiles) character file.

Game seed: 6529151490405992988, levelgen mode: deterministic

0 Gargoyl the Skirmisher (level 1, -5/19 HPs)
             Began as a Centaur Abyssal Knight on Oct 19, 2019.
             Was a Follower of Lugonu.
             Slain by a small abomination (14 damage)
             ... on level 1 of the Abyss.
             The game lasted 00:00:17 (221 turns).

Gargoyl the Skirmisher (Centaur Abyssal Knight)      Turns: 221, Time: 00:00:18

Health: -5/19      AC:  4    Str: 14    XL:     1   Next: 0%
Magic:  2/2        EV:  9    Int: 11    God:    Lugonu [*.....]
Gold:   10         SH:  0    Dex:  8    Spells: 0/0 levels left

rFire    . . .     SeeInvis .   a - +1 hand axe
rCold    . . .     Gourm    .   (no shield)
rNeg     . . .     Faith    .   b - +0 leather armour
rPois    .         Spirit   .   (no helmet)
rElec    .         Reflect  .   (no cloak)
rCorr    .         Harm     .   (no gloves)
MR       .....                  (no barding)
Stlth    ..........             (no amulet)
HPRegen  0.06/turn              (no ring)
MPRegen  0.08/turn              (no ring)

@: very quick
A: large, hooves 3, deformed body, speed 2, tough skin 3
a: Depart the Abyss, Renounce Religion


You were on level 1 of the Abyss.
You worshipped Lugonu.
Lugonu was aware of your devotion.
You were not hungry.

You visited 0 branches of the dungeon, and saw 0 of its levels.
You visited the Abyss 1 time.

You collected 10 gold pieces.

Inventory:

Hand Weapons
 a - a +1 hand axe (weapon)
Armour
 b - a +0 leather armour (worn)
Comestibles
 c - a ration


   Skills:
 + Level 3.0 Fighting
 + Level 1.7 Axes
 + Level 1.3 Armour
 + Level 0.6 Dodging
 + Level 2.0 Invocations


You couldn't memorise any spells.
You didn't know any spells.
Your spell library was empty.

Dungeon Overview and Level Annotations

Branches:
Dungeon (0/15)

Altars:


Innate Abilities, Weirdness & Mutations

You have hooves in place of feet.
Armour fits poorly on your strangely shaped body.
You cover ground very quickly.
You have extremely tough skin. (AC +3)


Message History

The raiju barks!
Tentacles burst from the starspawn's body! 2 starspawn tentacles come into view.
The starspawn tentacle grabs you. The starspawn tentacle constricts you.
The starspawn tentacle's grasp on you weakens, but your attempt to escape fails.
The starspawn tentacle loses its grip on you.
The tentacle pulls you backwards!
The starspawn tentacle closely misses you.
The small abomination misses you.
The starspawn tentacle completely misses you.
A tentacled starspawn comes into view.
The starspawn tentacle grabs you. The starspawn tentacle constricts you.
The starspawn tentacle's grasp on you weakens, but your attempt to escape fails.
The starspawn tentacle loses its grip on you.
The tentacle pulls you backwards!
A tentacle flies out from the starspawn's body!
A starspawn tentacle comes into view.
The small abomination hits you!
Ouch! That really hurt!
You die...

#. .### .# .# .#.# ..#
#.## ..# # #..
#..###..# ##.#
..#####.#..# #h.#
#.#.....h.####...#
#.....##...#.#..#.#
#.Xx...#.w. .....#
#.@.#...##....##.#
#..#.#.##w─Xw### ###
...#.#####.#.#X#.###..
#..# .# #....... #....
.# .. .#. #.........
... # ##...##... . #.#
###. #. ...# .. #.#..
. .. ... #.#...


You could see a tentacled starspawn, a raiju and a small abomination.

Vanquished Creatures (others)
  A starspawn tentacle (Abyss:1)
1 creature vanquished.

Notes
Turn   | Place    | Note
-------+----------+-------------------------------------------
     0 | Abyss:1  | Gargoyl the Centaur Abyssal Knight began the quest for the
                  | Orb.
     0 | Abyss:1  | Reached XP level 1. HP: 19/19 MP: 2/2
   179 | Abyss:1  | Noticed a small abomination
   196 | Abyss:1  | Noticed a large abomination
   207 | Abyss:1  | Noticed a raiju
   207 | Abyss:1  | Noticed a tentacled starspawn
   217 | Abyss:1  | Noticed a tentacled starspawn
   221 | Abyss:1  | Slain by a small abomination

Levels and vault maps discovered:
Abyss:1

Action                   || total
-------------------------++-------
  Use: Potion            ||     1
Dodge: Dodged            ||     4

Table legend:
 A = Non-vault XP
 B = Vault XP
 C = Vault XP percentage of total XP
 D = Non-vault monster count
 E = Vault monster count
 F = Vault count percentage of total count
                 A         B        C        D         E       F
            +---------+---------+-------+---------+---------+-------
      Total |       0 |       0 |   N/A |       0 |       0 |  -nan
            +---------+---------+-------+---------+---------+-------
            +---------+---------+-------+---------+---------+-------
